APL (24 & UNDER)
EL PASO TEXANS @ SAVANNAH HOGS
08/20/2030
 
TOP OF THE 1ST
El Paso Texans batting - Pitching for Savannah Hogs : RHP Juan Gómez
Pitching: RHP Juan Gómez
Batting: SHB António Cervantes 0-0: Ground out 1-3 (Groundball, 13)
Batting: LHB António Fonseca 0-0: Ball
1-0: Called Strike
1-1: SINGLE (Groundball, 34D)
Batting: LHB Ramón Ortega 0-0: Ball
1-0: Called Strike
1-1: Swinging Strike
1-2: Ball
2-2: Foul Ball, location: 2F
2-2: Strikes out swinging
Batting: LHB Cipriano Rangel 0-0: SINGLE (Line Drive, 78S)
António Fonseca to second
Batting: RHB Kereje Zuka 0-0: Fly out, F6 (Line Drive, 6)
Top of the 1st over - 0 runs, 2 hits, 0 errors, 2 left on base; El Paso 0 - Savannah 0
BOTTOM OF THE 1ST
Savannah Hogs batting - Pitching for El Paso Texans : RHP António Lara
Pitching: RHP António Lara
Batting: SHB Ramón Minas 0-0: Swinging Strike
0-1: Ball
1-1: Ball
2-1: Called Strike
2-2: Ball
3-2: Strikes out swinging
Batting: RHB Rick Holman 0-0: Ball
1-0: SINGLE (Line Drive, 78S)
Batting: RHB José Ramos 0-0: Ball
1-0: Ball
2-0: Ball
3-0: Swinging Strike
3-1: Base on Balls
Rick Holman to second
Batting: RHB Pedro Cuevas 0-0: Swinging Strike
0-1: Called Strike
0-2: Fly out, F4 (Popup, 34)
Batting: RHB Louis Miller 0-0: Called Strike
0-1: Fly out, F7 (Flyball, 7)
Bottom of the 1st over - 0 runs, 1 hit, 0 errors, 2 left on base; El Paso 0 - Savannah 0
TOP OF THE 2ND
El Paso Texans batting - Pitching for Savannah Hogs : RHP Juan Gómez
Batting: RHB Chris Smith 0-0: Called Strike
0-1: Ground out 5-3 (Groundball, 5L)
Batting: LHB Gus Price 0-0: Called Strike
0-1: Ball
1-1: Bunt for hit - play at first, batter OUT! 1-3
Batting: RHB Domingo Morales 0-0: Called Strike
0-1: Foul Ball, location: 2F
0-2: Strikes out swinging
Top of the 2nd over - 0 runs, 0 hits, 0 errors, 0 left on base; El Paso 0 - Savannah 0
BOTTOM OF THE 2ND
Savannah Hogs batting - Pitching for El Paso Texans : RHP António Lara
Batting: LHB Felipe Franco 0-0: Ball
1-0: Ball
2-0: Called Strike
2-1: Ball
3-1: Foul Ball, location: 2F
3-2: Foul Ball, location: 2F
3-2: Base on Balls
Batting: RHB Juan Morales 0-0: SINGLE (Groundball, 5D)
Felipe Franco to second
Batting: RHB Ramiro Villescaz 0-0: Ball
1-0: Called Strike
1-1: Fielders Choice at 2nd, 6-4 (Groundball, 6)
Felipe Franco to third
Batting: RHB Miguel Martínez 0-0: Ball
Ramiro Villescaz steals 2nd base
1-0: Swinging Strike
1-1: Called Strike
1-2: SINGLE (Line Drive, 89S)
Felipe Franco scores
Ramiro Villescaz to third
Batting: SHB Ramón Minas 0-0: Grounds into double play, 4-6-3 (Groundball, 4)
Bottom of the 2nd over - 1 run, 2 hits, 0 errors, 1 left on base; El Paso 0 - Savannah 1
TOP OF THE 3RD
El Paso Texans batting - Pitching for Savannah Hogs : RHP Juan Gómez
Batting: RHB Ed McVinish 0-0: Ball
1-0: Foul Ball, location: 2F
1-1: Called Strike
1-2: Strikes out looking
Batting: SHB António Cervantes 0-0: Swinging Strike
0-1: Ball
1-1: Ground out 4-3 (Groundball, 4M)
Batting: LHB António Fonseca 0-0: Ground out 3-1 (Groundball, 34D)
Top of the 3rd over - 0 runs, 0 hits, 0 errors, 0 left on base; El Paso 0 - Savannah 1
BOTTOM OF THE 3RD
Savannah Hogs batting - Pitching for El Paso Texans : RHP António Lara
Batting: RHB Rick Holman 0-0: Called Strike
0-1: Called Strike
0-2: Strikes out swinging, 2-3 out at first.
Batting: RHB José Ramos 0-0: Called Strike
0-1: Called Strike
0-2: Ball
1-2: Foul Ball, location: 2F
1-2: Foul Ball, location: 2F
1-2: SINGLE (Line Drive, 6)
Batting: RHB Pedro Cuevas Pickoff Throw to First - Out!
0-0: Ground out 3-1 (Groundball, 34)
Bottom of the 3rd over - 0 runs, 1 hit, 0 errors, 0 left on base; El Paso 0 - Savannah 1
TOP OF THE 4TH
El Paso Texans batting - Pitching for Savannah Hogs : RHP Juan Gómez
Batting: LHB Ramón Ortega 0-0: Ball
1-0: Ball
2-0: Ball
3-0: Called Strike
3-1: Foul Ball, location: 2F
3-2: Base on Balls
Batting: LHB Cipriano Rangel 0-0: Called Strike
0-1: Ball
1-1: Ball
2-1: Called Strike
2-2: Ball
3-2: Strikes out swinging
Batting: RHB Kereje Zuka 0-0: Foul Ball, location: 2F
0-1: Called Strike
0-2: Fly out, F8 (Flyball, 8LD)
Batting: RHB Chris Smith 0-0: Ball
1-0: Swinging Strike
1-1: Foul Ball, location: 2F
1-2: Foul Ball, location: 2F
1-2: Ball
2-2: Foul Ball, location: 2F
2-2: Ball
3-2: Strikes out looking
Top of the 4th over - 0 runs, 0 hits, 0 errors, 1 left on base; El Paso 0 - Savannah 1
BOTTOM OF THE 4TH
Savannah Hogs batting - Pitching for El Paso Texans : RHP António Lara
Batting: RHB Louis Miller 0-0: Foul Ball, location: 2F
0-1: Ball
1-1: Ball
2-1: Called Strike
2-2: Ground out 4-3 (Groundball, 4)
Batting: LHB Felipe Franco 0-0: Ball
1-0: Ball
2-0: Swinging Strike
2-1: Called Strike
2-2: Strikes out looking
Batting: RHB Juan Morales 0-0: Bunt for hit - play at first, batter safe!
Batting: RHB Ramiro Villescaz 0-0: Ball
Juan Morales is caught stealing 2nd base
Bottom of the 4th over - 0 runs, 1 hit, 0 errors, 0 left on base; El Paso 0 - Savannah 1
TOP OF THE 5TH
El Paso Texans batting - Pitching for Savannah Hogs : RHP Juan Gómez
Batting: LHB Gus Price 0-0: Called Strike
0-1: Called Strike
0-2: Ball
1-2: Foul Ball, location: 2F
1-2: Foul Ball, location: 2F
1-2: Foul Ball, location: 2F
1-2: Strikes out looking
Batting: RHB Domingo Morales 0-0: Called Strike
0-1: SINGLE (Groundball, 6MD)
Batting: RHB Ed McVinish 0-0: Called Strike
0-1: SINGLE (Groundball, 34) (infield hit)
Domingo Morales to second
Batting: SHB António Cervantes 0-0: Ball
1-0: Fielders Choice at 2nd, 4-6 (Groundball, 34)
Domingo Morales to third
Batting: LHB António Fonseca 0-0: Ball
1-0: Ball
2-0: Foul Ball, location: 2F
2-1: Foul Ball, location: 2F
2-2: Strikes out looking
Top of the 5th over - 0 runs, 2 hits, 0 errors, 2 left on base; El Paso 0 - Savannah 1
BOTTOM OF THE 5TH
Savannah Hogs batting - Pitching for El Paso Texans : RHP António Lara
Batting: RHB Ramiro Villescaz 0-0: Fly out, F3 (Popup, 3SF)
Batting: RHB Miguel Martínez 0-0: Called Strike
0-1: Ball
1-1: Ball
2-1: Ball
3-1: Foul Ball, location: 2F
3-2: Foul Ball, location: 2F
3-2: Fly out, F8 (Line Drive, 8RM)
Batting: SHB Ramón Minas 0-0: SINGLE (Groundball, 6MD)
Batting: RHB Rick Holman 0-0: Called Strike
0-1: Ball
Ramón Minas steals 2nd base
1-1: Swinging Strike
1-2: Ground out 1-3 (Groundball, P)
Bottom of the 5th over - 0 runs, 1 hit, 0 errors, 1 left on base; El Paso 0 - Savannah 1
TOP OF THE 6TH
El Paso Texans batting - Pitching for Savannah Hogs : RHP Juan Gómez
Batting: LHB Ramón Ortega 0-0: Reached on error, E4 (Groundball, 34D)
Batting: LHB Cipriano Rangel 0-0: Called Strike
0-1: Ball
1-1: Called Strike
1-2: Grounds into double play, 4-6-3 (Groundball, 4)
Batting: RHB Kereje Zuka 0-0: Swinging Strike
0-1: Ball
1-1: Ball
2-1: Ball
3-1: Base on Balls
Batting: RHB Chris Smith 0-0: Foul Ball, location: 2F
0-1: Ball
1-1: Ball
2-1: Fly out, F9 (Flyball, 9S)
Top of the 6th over - 0 runs, 0 hits, 1 error, 1 left on base; El Paso 0 - Savannah 1
BOTTOM OF THE 6TH
Savannah Hogs batting - Pitching for El Paso Texans : RHP António Lara
Batting: RHB José Ramos 0-0: Ball
1-0: Called Strike
1-1: Swinging Strike
1-2: Ball
2-2: Ball
3-2: Strikes out looking
Batting: RHB Pedro Cuevas 0-0: Ball
1-0: Called Strike
1-1: Swinging Strike
1-2: Ball
2-2: Foul Ball, location: 2F
2-2: Ground out U3 (Groundball, 3L)
Batting: RHB Louis Miller 0-0: Ball
1-0: Called Strike
1-1: Ball
2-1: Ball
3-1: Base on Balls
Pinch Runner at 1st Lewis Childress:
Batting: LHB Felipe Franco 0-0: Ball
1-0: Called Strike
1-1: Ball
2-1: Foul Ball, location: 2F
2-2: Fly out, F8 (Line Drive, 8LM)
Bottom of the 6th over - 0 runs, 0 hits, 0 errors, 1 left on base; El Paso 0 - Savannah 1
TOP OF THE 7TH
El Paso Texans batting - Pitching for Savannah Hogs : RHP Juan Gómez
Pitching: RHP Salvador Cervantes
Now in CF: Lewis Childress
Batting: LHB Gus Price 0-0: Ball
1-0: Foul Ball, location: 2F
1-1: Ground out U3 (Groundball, 34)
Batting: RHB Domingo Morales 0-0: Called Strike
0-1: Ball
1-1: Ball
2-1: Ground out 5-3 (Groundball, 56)
Batting: RHB Ed McVinish 0-0: Fly out, F4 (Popup, 4M)
Top of the 7th over - 0 runs, 0 hits, 0 errors, 0 left on base; El Paso 0 - Savannah 1
BOTTOM OF THE 7TH
Savannah Hogs batting - Pitching for El Paso Texans : RHP António Lara
Pitching: RHP Mark Thompson
Batting: RHB Juan Morales 0-0: Called Strike
0-1: Ball
1-1: Called Strike
1-2: Strikes out looking
Batting: RHB Ramiro Villescaz 0-0: Ball
1-0: Ball
2-0: Swinging Strike
2-1: Ball
3-1: Reached on error, E3 (Groundball, 3S)
Pinch Hitting: SHB Juan Chávez 0-0: Ball
1-0: Called Strike
1-1: Swinging Strike
1-2: Ball
2-2: Strikes out looking
Ramiro Villescaz is caught stealing 2nd base
Batter strikes out.
Bottom of the 7th over - 0 runs, 0 hits, 1 error, 0 left on base; El Paso 0 - Savannah 1
TOP OF THE 8TH
El Paso Texans batting - Pitching for Savannah Hogs : RHP Salvador Cervantes
Pitching: RHP Ismael Chávez
Now at 2B: Juan Chávez
Batting: SHB António Cervantes 0-0: Called Strike
0-1: Called Strike
0-2: Ball
1-2: Strikes out swinging
Pitching: LHP Ronnie Beason
Batting: LHB António Fonseca 0-0: Called Strike
0-1: Ball
1-1: Foul Ball, location: 2F
1-2: Ball
2-2: Fly out, F7 (Flyball, 78D)
Batting: LHB Ramón Ortega 0-0: Ball
1-0: Swinging Strike
1-1: Ball
2-1: Ground out 4-3 (Groundball, 34S)
Top of the 8th over - 0 runs, 0 hits, 0 errors, 0 left on base; El Paso 0 - Savannah 1
BOTTOM OF THE 8TH
Savannah Hogs batting - Pitching for El Paso Texans : RHP Mark Thompson
Batting: SHB Ramón Minas 0-0: Ball
1-0: Ball
2-0: Ball
3-0: Base on Balls
Batting: RHB Rick Holman 0-0: Ball
1-0: Called Strike
1-1: Ball
2-1: Swinging Strike
2-2: Strikes out looking
Batting: RHB José Ramos 0-0: Ball
1-0: Ball
2-0: Ball
3-0: Called Strike
3-1: SINGLE (Line Drive, 8LS)
Ramón Minas to second
Pinch Hitting: SHB David Bennett 0-0: Fielders Choice at 2nd, 1-4 (Groundball, 15S)
Ramón Minas to third
Pinch Hitting: RHB Wilson Ortíz 0-0: Ball
1-0: Swinging Strike
Balk!
Ramón Minas scores
David Bennett to second
1-1: Hit by Pitch
Batting: LHB Felipe Franco 0-0: Ball
1-0: Hit by Pitch
David Bennett to third
Wilson Ortíz to second
Pitching: RHP David Alomar
Batting: RHB Juan Morales 0-0: Called Strike
0-1: Called Strike
0-2: Foul Ball, location: 2F
0-2: Hit by Pitch
David Bennett scores
Wilson Ortíz to third
Felipe Franco to second
Batting: RHB Ramiro Villescaz 0-0: Ball
1-0: Called Strike
1-1: Foul Ball, location: 2F
1-2: Ball
2-2: Ball
3-2: Fly out, F9 (Line Drive, 9)
Bottom of the 8th over - 2 runs, 1 hit, 0 errors, 3 left on base; El Paso 0 - Savannah 3
TOP OF THE 9TH
El Paso Texans batting - Pitching for Savannah Hogs : LHP Ronnie Beason
Pitching: RHP Cristiano Cipolloni
Now at 3B: Gilberto Bautista
Now in CF: Ismael Mojica
Batting: LHB Cipriano Rangel 0-0: Swinging Strike
0-1: Foul Ball, location: 2F
0-2: Ball
1-2: Ball
2-2: Strikes out swinging
Batting: RHB Kereje Zuka 0-0: Called Strike
0-1: Ball
1-1: Ball
2-1: Ball
3-1: Base on Balls
Batting: RHB Chris Smith 0-0: Ball
1-0: Called Strike
1-1: Fly out, F7 (Flyball, 7)
Batting: LHB Gus Price 0-0: Ball
1-0: Foul Ball, location: 2F
1-1: Ball
2-1: Ball
3-1: Foul Ball, location: 2F
3-2: Strikes out swinging
Top of the 9th over - 0 runs, 0 hits, 0 errors, 1 left on base; El Paso 0 - Savannah 3
Saturday, April 7th, 2018 - OOTP Baseball 18.8 Build 76